 Dungeon Crawl Stone Soup version 0.20-a0-760-g49f5558 (webtiles) character file.

830 polly the Shield-Bearer (level 7, -2/44 HPs)
             Began as a Gargoyle Fighter on Feb 25, 2017.
             Slain by polly's ghost (9 damage)
             ... on level 4 of the Dungeon.
             The game lasted 00:05:58 (4184 turns).

polly the Shield-Bearer (Gargoyle Fighter)          Turns: 4184, Time: 00:05:58

Health: -2/44      AC: 14    Str: 24    XL:     7   Next: 97%
Magic:  7/7        EV:  3    Int:  9    God:
Gold:   170        SH: 18    Dex: 12    Spells: 6/6 levels left

rFire    . . .     SeeInvis .   a - +0 flail
rCold    . . .     Gourm    .   e - +0 plate armour
rNeg     + . .     Faith    .   m - +2 large shield
rPois    ∞         Spirit   .   v - +0 helmet
rElec    +         Reflect  .   p - +0 cloak
rCorr    .         Harm     .   (no gloves)
MR       .....                  (no boots)
Stlth    ..........             (no amulet)
Regen    0.2/turn               (no ring)
MPRegen  0.1/turn               (no ring)

@: no status effects
A: big wings, agile 1, deformed body, negative energy resistance 1, electricity
resistance, strong 2, unbreathing, petrification resistance, rot immunity, AC +4
a: Fly


You were on level 4 of the Dungeon.
You were not hungry.

You visited 1 branch of the dungeon, and saw 6 of its levels.

You collected 170 gold pieces.

Inventory:

Hand Weapons
 a - a +0 flail (weapon)
Armour
 e - a +0 plate armour (worn)
 m - a +2 large shield (worn)
 p - a +0 cloak (worn)
 v - a +0 helmet (worn)
Scrolls
 c - a scroll of noise {unknown}
 j - 4 scrolls of identify
 l - a scroll of amnesia {unknown}
 r - 2 scrolls of random uselessness {unknown}
 s - 2 scrolls of remove curse {unknown}
 t - a scroll of recharging {unknown}
 u - 2 scrolls of fear {unknown}
 w - 3 scrolls of teleportation {unknown}
Potions
 d - a potion of cancellation {unknown}
 g - 2 potions of ambrosia
 h - a potion of agility
 i - a potion of curing
 o - 2 potions of heal wounds
Comestibles
 b - 5 royal jellies
 f - 2 bread rations
 k - 6 fruits
 n - 2 meat rations


   Skills:
 + Level 4.5 Fighting
 + Level 4.9 Maces & Flails
 + Level 4.6 Armour
 + Level 1.0 Dodging
 + Level 0.5 Stealth
 + Level 7.1 Shields


You had 6 spell levels left.
You didn't know any spells.

Dungeon Overview and Level Annotations

Branches:
Dungeon (6/15)
 Temple: D:4-7

Altars:
Fedhas
Gozag
Hepliaklqana
Nemelex Xobeh
Qazlal
Ru
Trog
Uskayaw
Yredelemnul

Annotations:
D:4 polly's ghost, amateur GrFi


Innate Abilities, Weirdness & Mutations

You are resistant to torment.
Your stone body is resilient. (AC +4)
You are immune to poison.
You resist negative energy. (rN+)
You are resistant to electric shocks. (rElec)
You can survive without breathing.
You are immune to petrification.
You are immune to rotting.
Your large and strong wings let you fly indefinitely.
You are agile. (Dex +2)
Armour fits poorly on your strangely shaped body.
Your muscles are very strong. (Str +4)


Message History

You block polly's ghost's attack.
You closely miss polly's ghost.
Polly's ghost is moderately damaged.
Polly's ghost hits you!
You closely miss polly's ghost.
Polly's ghost is moderately damaged.
You block polly's ghost's attack.
Polly's ghost hits you but does no damage.
You sock polly's ghost!
Polly's ghost is heavily damaged.
You block polly's ghost's attack.
Your shield and plate armour prevent you from hitting polly's ghost.
Polly's ghost is heavily damaged.
Polly's ghost hits you.
You hit polly's ghost but do no damage.
Polly's ghost is heavily damaged.
Polly's ghost hits you!
* * * LOW HITPOINT WARNING * * *
Polly's ghost hits you!
You die...

................####
...........
#####.......#####
#.........# ######.##
#.......... #.# ##
#......8.. #.# ####.##
#....8...8 #.####.....#
#........ #.##.......##
##.8.._.. #...........#
#....... #......@....##
#..8.... #.......W....#
##...8.. #............##
#......
#.............####.#..##
#.......(.............##
#............>.......##
#.####........########
## ##########


You could see polly's ghost.

Vanquished Creatures
  An orc warrior (D:4)
  A sky beast (D:5)
  An ogre (D:5)
  A scorpion (D:5)
  A bullfrog zombie (D:6)
  An orc priest (D:5)
  3 hounds
  3 orc wizards
  A worker ant (D:6)
  3 gnolls (D:2)
  11 adders
  3 shadow imps
  An ooze (D:3)
  A worm (D:3)
  A dart slug (D:2)
  3 leopard geckos
  13 orcs
  5 giant cockroaches
  5 goblins
  6 hobgoblins
  4 jackals (D:1)
  5 kobolds
  4 quokkas
  3 ball pythons
  10 bats
  9 frilled lizards
  A quokka skeleton (D:6)
  A quokka zombie (D:5)
  5 rats
107 creatures vanquished.

Notes
Turn   | Place    | Note
-------+----------+-------------------------------------------
     0 | D:1      | polly the Gargoyle Fighter began the quest for the Orb.
     0 | D:1      | Reached XP level 1. HP: 14/14 MP: 1/1
   163 | D:1      | Reached XP level 2. HP: 17/19 MP: 2/2
   618 | D:1      | Reached XP level 3. HP: 20/23 MP: 3/3
  1014 | D:2      | Found a stormy altar of Qazlal.
  1084 | D:2      | Reached skill level 4 in Shields
  1084 | D:2      | Reached XP level 4. HP: 22/29 MP: 4/4
  1229 | D:2      | Found a sacrificial altar of Ru.
  1473 | D:2      | Found a blossoming altar of Fedhas.
  1477 | D:2      | Found a basalt altar of Yredelemnul.
  1478 | D:2      | Found a hide-covered altar of Uskayaw.
  1789 | D:3      | Found a sparkling altar of Nemelex Xobeh.
  1825 | D:3      | Reached XP level 5. HP: 33/33 MP: 5/5
  2208 | D:4      | Found an opulent altar of Gozag.
  2219 | D:4      | Noticed polly's ghost (amateur GrFi)
  2249 | D:5      | Entered Level 5 of the Dungeon
  2606 | D:5      | Reached skill level 5 in Shields
  2606 | D:5      | Reached XP level 6. HP: 26/38 MP: 6/6
  2766 | D:5      | Noticed an orc warrior
  2806 | D:4      | Killed an orc warrior
  2969 | D:5      | Reached XP level 7. HP: 23/44 MP: 7/7
  3163 | D:5      | Reached skill level 6 in Shields
  3184 | D:5      | Gained mutation: Your muscles are strong. (Str +2) [mutagenic meat]
  3185 | D:5      | Gained mutation: Your large and strong wings let you fly indefinitely. [mutagenic meat]
  3186 | D:5      | Gained mutation: Armour fits poorly on your strangely shaped body. [mutagenic meat]
  3187 | D:5      | Gained mutation: Your muscles are very strong. (Str +4) [mutagenic meat]
  3188 | D:5      | Gained mutation: You are agile. (Dex +2) [mutagenic meat]
  3443 | D:5      | HP: 1/44 [ogre/giant club (26)]
  3795 | D:4      | Found a bloodstained altar of Trog.
  3818 | D:4      | Found a hazy altar of Hepliaklqana.
  3819 | D:4      | Found an opulent altar of Gozag.
  3989 | D:4      | Reached skill level 7 in Shields
  4143 | D:4      | Reached skill level 1 in Dodging
  4184 | D:4      | Slain by polly's ghost

Vault maps used:
D:1:      dpeg_arrival_leaves_temple_mockup
D:2:      marbit_many_paths, minitemple, first_bread
D:3:      nemelex_altar_shiori
D:4:      overflow_temple_1_default, lemuel_doored_altar, serial_column_ruins,
          column_ruins_temple_circle, column_ruins_open_medium,
          column_ruins_open_tiny, column_ruins_open_tiny,
          column_ruins_corridor_plus, column_ruins_columns_straight,
          corexii_item_surrounded_by_moat, grunt_gozag_statues
D:5:      nicolae_ossuary_entry_monument
D:6:      minmay_temple_entry_glassed_door, uniq_edmund

Skill      XL: |  1  2  3  4  5  6  7 |
---------------+----------------------+-----
Shields        | 4 5 7 |  7.1
Maces & Flails | 3 4 |  4.9
Armour         | 4 |  4.6
Fighting       | 4 |  4.5
Dodging        | 1 |  1.0
Stealth        | |  0.5

Action                   |  1- 3 |  4- 6 |  7- 9 || total
-------------------------+-------+-------+-------++-------
Melee: Flail             |   168 |   322 |   188 ||   678
  Use: Potion            |       |     2 |     1 ||     3
       Scroll            |       |       |     4 ||     4
  Eat: Chunk             |       |     8 |     9 ||    17
Armor: Plate armour      |   180 |   222 |   106 ||   508
       Scale mail        |     1 |       |       ||     1
Dodge: Dodged            |    48 |     9 |    16 ||    73
Block: Shield            |   114 |     8 |       ||   122
       Large shield      |       |   331 |   202 ||   533
